HSSL
BISHOP GORMAN HS BALBASAURS @ ROCKY POINT HS EAGLES
04/28/2029
 
TOP OF THE 1ST
Bishop Gorman HS Balbasaurs batting - Pitching for Rocky Point HS Eagles : RHP Franklyn DeMars
Pitching: RHP Franklyn DeMars
Batting: RHB Lynwood Bryant 0-0: Foul Ball, location: 2F
0-1: Ball
1-1: Ball
2-1: Foul Ball, location: 2F
2-2: SINGLE (Line Drive, 8LS)
Batting: RHB Júlio García 0-0: Foul Ball, location: 2F
0-1: Foul Ball, location: 2F
0-2: Grounds into double play, 5-4-3 (Groundball, 56)
Batting: LHB Guillermo Peña 0-0: Swinging Strike
0-1: SINGLE (Flyball, 7S)
Batting: RHB José Díaz 0-0: Ball
1-0: Ball
2-0: Swinging Strike
2-1: 2-RUN HOME RUN (Flyball, 7LD), Distance : 343 ft
Batting: LHB Daniel Smith 0-0: Called Strike
0-1: Swinging Strike
0-2: Ground out 4-3 (Groundball, 34)
Top of the 1st over - 2 runs, 3 hits, 0 errors, 0 left on base; Bishop Gorman HS 2 - Rocky Point HS 0
BOTTOM OF THE 1ST
Rocky Point HS Eagles batting - Pitching for Bishop Gorman HS Balbasaurs : RHP António Santiago
Pitching: RHP António Santiago
Batting: RHB Corey Martin 0-0: Ball
1-0: Ball
2-0: Ball
3-0: Called Strike
3-1: Foul Ball, location: 2F
3-2: Foul Ball, location: 2F
3-2: Strikes out swinging
Batting: RHB Glen Williams 0-0: Ball
1-0: TRIPLE (Flyball, 8LXD)
Batting: LHB Daryl Thomas 0-0: Ball
1-0: Ball
2-0: Ball
3-0: Base on Balls
Batting: RHB Yan Gosselin 0-0: Ball
1-0: Fly out, F9 (Flyball, 9)
Runner from 3rd tags up, OUT at HOME
Bottom of the 1st over - 0 runs, 1 hit, 0 errors, 1 left on base; Bishop Gorman HS 2 - Rocky Point HS 0
TOP OF THE 2ND
Bishop Gorman HS Balbasaurs batting - Pitching for Rocky Point HS Eagles : RHP Franklyn DeMars
Batting: SHB Cisco Moreno 0-0: Swinging Strike
0-1: Swinging Strike
0-2: Foul Ball, location: 2F
0-2: Ball
1-2: Foul Ball, location: 2F
1-2: Strikes out looking
Batting: RHB Jimmy Martin 0-0: Ball
1-0: Swinging Strike
1-1: Called Strike
1-2: Strikes out looking
Batting: RHB Chris Cox 0-0: Foul Ball, location: 2F
0-1: Ball
1-1: Ball
2-1: Swinging Strike
2-2: Strikes out swinging
Top of the 2nd over - 0 runs, 0 hits, 0 errors, 0 left on base; Bishop Gorman HS 2 - Rocky Point HS 0
BOTTOM OF THE 2ND
Rocky Point HS Eagles batting - Pitching for Bishop Gorman HS Balbasaurs : RHP António Santiago
Batting: LHB Stanton Moore 0-0: Ball
1-0: Ball
2-0: Swinging Strike
2-1: Called Strike
2-2: Ball
3-2: SOLO HOME RUN (Flyball, 9LD), Distance : 362 ft
Batting: RHB Sam McWalter 0-0: Ball
1-0: Fly out, F8 (Flyball, 8RS)
Batting: RHB Bud Manning 0-0: Ball
1-0: Called Strike
1-1: Ball
2-1: Ball
3-1: Base on Balls
Batting: RHB Cornell Clark 0-0: Called Strike
0-1: Ball
1-1: Called Strike
Bud Manning steals 2nd base
1-2: Reached on error, E5 (Groundball, 56)
Bud Manning to third
Batting: RHB Vincent Turner 0-0: Called Strike
0-1: Foul Ball, location: 2F
0-2: Ball
1-2: Fly out, F9 (Flyball, 9LS)
Runner from 3rd tags up, SCORES, throw made
Batting: RHB Corey Martin 0-0: Ball
1-0: Ball
2-0: Ball
3-0: Base on Balls
Cornell Clark to second
Batting: RHB Glen Williams 0-0: Ball
1-0: SINGLE (Groundball, 56S) (infield hit)
Cornell Clark to third
Corey Martin to second
Batting: LHB Daryl Thomas 0-0: Foul Ball, location: 2F
0-1: SINGLE (Flyball, 7S)
Cornell Clark scores
Corey Martin to third
Glen Williams to second
Runner from 3rd tries for Home, SAFE, throw made home
Batting: RHB Yan Gosselin 0-0: Called Strike
0-1: Called Strike
0-2: Foul Ball, location: 2F
0-2: Ball
1-2: Foul Ball, location: 2F
1-2: SINGLE (Groundball, 4D)
Glen Williams to third
Daryl Thomas to second
Batting: LHB Stanton Moore 0-0: Fly out, F9 (Flyball, 89S)
Bottom of the 2nd over - 4 runs, 4 hits, 1 error, 3 left on base; Bishop Gorman HS 2 - Rocky Point HS 4
TOP OF THE 3RD
Bishop Gorman HS Balbasaurs batting - Pitching for Rocky Point HS Eagles : RHP Franklyn DeMars
Batting: LHB Michel Gélinas 0-0: Ball
1-0: Ball
2-0: Ball
3-0: Base on Balls
Batting: RHB Lynwood Bryant 0-0: Foul Ball, location: 2F
0-1: Ball
1-1: Foul Ball, location: 2F
1-2: Ball
2-2: Grounds into double play, 6-4-3 (Groundball, 6MD)
Batting: RHB Júlio García 0-0: Ball
1-0: Swinging Strike
1-1: Fly out, F8 (Flyball, 78D)
Top of the 3rd over - 0 runs, 0 hits, 0 errors, 0 left on base; Bishop Gorman HS 2 - Rocky Point HS 4
BOTTOM OF THE 3RD
Rocky Point HS Eagles batting - Pitching for Bishop Gorman HS Balbasaurs : RHP António Santiago
Batting: RHB Sam McWalter 0-0: Foul Ball, location: 2F
0-1: Ball
1-1: Foul Ball, location: 2F
1-2: Ground out 4-3 (Groundball, 4)
Batting: RHB Bud Manning 0-0: Ball
1-0: Called Strike
1-1: Swinging Strike
1-2: Ball
2-2: Strikes out swinging, 2-3 out at first.
Batting: RHB Cornell Clark 0-0: Called Strike
0-1: Ball
1-1: Fly out, F6 (Line Drive, 6)
Bottom of the 3rd over - 0 runs, 0 hits, 0 errors, 0 left on base; Bishop Gorman HS 2 - Rocky Point HS 4
TOP OF THE 4TH
Bishop Gorman HS Balbasaurs batting - Pitching for Rocky Point HS Eagles : RHP Franklyn DeMars
Batting: LHB Guillermo Peña 0-0: Foul Ball, location: 2F
0-1: Ball
1-1: Swinging Strike
1-2: Ball
2-2: Ball
3-2: Strikes out looking
Batting: RHB José Díaz 0-0: Ball
1-0: Called Strike
1-1: Foul Ball, location: 2F
1-2: Ball
2-2: Foul Ball, location: 2F
2-2: Ball
3-2: Base on Balls
Batting: LHB Daniel Smith 0-0: Ball
1-0: Ball
2-0: Ball
3-0: Called Strike
3-1: Called Strike
3-2: Base on Balls
José Díaz to second
Batting: SHB Cisco Moreno 0-0: Swinging Strike
0-1: Foul Ball, location: 2F
0-2: Ball
1-2: Ball
2-2: Ground out 3-1 (Groundball, 34S)
José Díaz to third
Daniel Smith to second
Batting: RHB Jimmy Martin 0-0: Ground out 6-3 (Groundball, 6S)
Top of the 4th over - 0 runs, 0 hits, 0 errors, 2 left on base; Bishop Gorman HS 2 - Rocky Point HS 4
BOTTOM OF THE 4TH
Rocky Point HS Eagles batting - Pitching for Bishop Gorman HS Balbasaurs : RHP António Santiago
Batting: RHB Vincent Turner 0-0: Ball
1-0: SINGLE (Flyball, 7LS)
Batting: RHB Corey Martin 0-0: Swinging Strike
0-1: Ball
1-1: Fly out, F9 (Flyball, 89M)
Batting: RHB Glen Williams 0-0: Foul Ball, location: 2F
0-1: Called Strike
0-2: Ball
1-2: Ball
2-2: Ground out 5-3 (Groundball, 56S)
Vincent Turner to second
Batting: LHB Daryl Thomas 0-0: Ball
1-0: Ball
2-0: Called Strike
2-1: Ground out 4-3 (Groundball, 4)
Bottom of the 4th over - 0 runs, 1 hit, 0 errors, 1 left on base; Bishop Gorman HS 2 - Rocky Point HS 4
TOP OF THE 5TH
Bishop Gorman HS Balbasaurs batting - Pitching for Rocky Point HS Eagles : RHP Franklyn DeMars
Batting: RHB Chris Cox 0-0: Foul Ball, location: 2F
0-1: Ball
1-1: Foul Ball, location: 2F
1-2: Ball
2-2: Strikes out looking
Batting: LHB Michel Gélinas 0-0: Ball
1-0: SINGLE (Groundball, 6M) (infield hit)
Batting: RHB Lynwood Bryant 0-0: Foul Ball, location: 2F
0-1: Ball
1-1: Foul Ball, location: 2F
1-2: Foul Ball, location: 2F
1-2: Ball
2-2: Strikes out swinging
Pitching: RHP Mark Thompson
Batting: RHB Júlio García 0-0: Called Strike
0-1: Ball
1-1: Called Strike
1-2: Ball
Michel Gélinas steals 2nd base
2-2: Hit by Pitch
Batting: LHB Guillermo Peña 0-0: Swinging Strike
0-1: Foul Ball, location: 2F
0-2: Ball
1-2: Fly out, F9 (Flyball, 9S)
Top of the 5th over - 0 runs, 1 hit, 0 errors, 2 left on base; Bishop Gorman HS 2 - Rocky Point HS 4
BOTTOM OF THE 5TH
Rocky Point HS Eagles batting - Pitching for Bishop Gorman HS Balbasaurs : RHP António Santiago
Batting: RHB Yan Gosselin 0-0: Ball
1-0: Ball
2-0: Called Strike
2-1: Fly out, F3 (Flyball, 34D)
Pitching: RHP Jeff Martin
Batting: LHB Stanton Moore 0-0: Ball
1-0: Ball
2-0: Called Strike
2-1: Ball
3-1: SINGLE (Line Drive, 4D)
Batting: RHB Sam McWalter 0-0: Called Strike
0-1: Grounds into double play, 5-4-3 (Groundball, 5L)
Bottom of the 5th over - 0 runs, 1 hit, 0 errors, 0 left on base; Bishop Gorman HS 2 - Rocky Point HS 4
TOP OF THE 6TH
Bishop Gorman HS Balbasaurs batting - Pitching for Rocky Point HS Eagles : RHP Mark Thompson
Batting: RHB José Díaz 0-0: Foul Ball, location: 2F
0-1: Ball
1-1: Swinging Strike
1-2: Foul Ball, location: 2F
1-2: Foul Ball, location: 2F
1-2: DOUBLE (Line Drive, 78D)
Batting: LHB Daniel Smith 0-0: Ball
1-0: Foul Ball, location: 2F
1-1: Ground out 4-3 (Groundball, 4M)
José Díaz to third
Batting: SHB Cisco Moreno 0-0: Called Strike
0-1: Ball
1-1: Ball
2-1: Fly out, F1 (Line Drive, 13)
Batting: RHB Jimmy Martin 0-0: Ball
1-0: Ball
2-0: Ball
3-0: Base on Balls
Batting: RHB Chris Cox 0-0: Ball
1-0: Ball
2-0: Called Strike
2-1: Called Strike
2-2: Strikes out swinging
Top of the 6th over - 0 runs, 1 hit, 0 errors, 2 left on base; Bishop Gorman HS 2 - Rocky Point HS 4
BOTTOM OF THE 6TH
Rocky Point HS Eagles batting - Pitching for Bishop Gorman HS Balbasaurs : RHP Jeff Martin
Batting: RHB Bud Manning 0-0: Called Strike
0-1: Foul Ball, location: 2F
0-2: Ball
1-2: Strikes out looking
Batting: RHB Cornell Clark 0-0: Ball
1-0: Ball
2-0: Called Strike
2-1: Called Strike
2-2: Ball
3-2: Foul Ball, location: 2F
3-2: Base on Balls
Batting: RHB Vincent Turner 0-0: Ball
1-0: Ball
2-0: Swinging Strike
2-1: Ball
3-1: Swinging Strike
3-2: Base on Balls
Cornell Clark to second
Batting: RHB Corey Martin 0-0: Ball
1-0: Ball
2-0: Ball
3-0: Called Strike
3-1: Base on Balls
Cornell Clark to third
Vincent Turner to second
Batting: RHB Glen Williams 0-0: Ball
1-0: Foul Ball, location: 2F
1-1: SINGLE (Line Drive, 56D)
Cornell Clark scores
Vincent Turner to third
Corey Martin to second
Batting: LHB Daryl Thomas 0-0: Ball
1-0: Called Strike
1-1: Ball
2-1: Foul Ball, location: 2F
2-2: Strikes out swinging
Batting: RHB Yan Gosselin 0-0: Ball
1-0: Foul Ball, location: 2F
1-1: Ball
2-1: GRAND SLAM HOME RUN (Line Drive, 7LD), Distance : 352 ft
Batting: LHB Stanton Moore 0-0: Called Strike
0-1: Hit by Pitch
Batting: RHB Sam McWalter 0-0: Hit by Pitch
Stanton Moore to second
Batting: RHB Bud Manning 0-0: Foul Ball, location: 2F
0-1: 3-RUN HOME RUN (Flyball, 7LD), Distance : 340 ft
Batting: RHB Cornell Clark 0-0: Ball
1-0: Foul Ball, location: 2F
1-1: Foul Ball, location: 2F
1-2: Ball
2-2: Ball
3-2: Foul Ball, location: 2F
3-2: Strikes out looking
Bottom of the 6th over - 8 runs, 3 hits, 0 errors, 0 left on base; Bishop Gorman HS 2 - Rocky Point HS 12
TOP OF THE 7TH
Bishop Gorman HS Balbasaurs batting - Pitching for Rocky Point HS Eagles : RHP Mark Thompson
Batting: LHB Michel Gélinas 0-0: Ball
1-0: Called Strike
1-1: Foul Ball, location: 2F
1-2: Strikes out swinging
Batting: RHB Lynwood Bryant 0-0: Foul Ball, location: 2F
0-1: Ball
1-1: Ball
2-1: Ball
3-1: Swinging Strike
3-2: Strikes out swinging
Batting: RHB Júlio García 0-0: Called Strike
0-1: Called Strike
0-2: Fly out, F7 (Flyball, 78D)
Top of the 7th over - 0 runs, 0 hits, 0 errors, 0 left on base; Bishop Gorman HS 2 - Rocky Point HS 12
BOTTOM OF THE 7TH
Rocky Point HS Eagles batting - Pitching for Bishop Gorman HS Balbasaurs : RHP Jeff Martin
Batting: RHB Vincent Turner 0-0: Ball
1-0: Called Strike
1-1: Ball
2-1: Foul Ball, location: 2F
2-2: Foul Ball, location: 2F
2-2: Foul Ball, location: 2F
2-2: Strikes out swinging
Batting: RHB Corey Martin 0-0: Ball
1-0: SINGLE (Line Drive, 89S)
Pitching: RHP Mike Peters
Batting: RHB Glen Williams 0-0: Called Strike
0-1: Swinging Strike
0-2: Strikes out swinging
Batting: LHB Daryl Thomas 0-0: Ball
1-0: Swinging Strike
1-1: Ball
2-1: Foul Ball, location: 2F
2-2: Strikes out swinging
Bottom of the 7th over - 0 runs, 1 hit, 0 errors, 1 left on base; Bishop Gorman HS 2 - Rocky Point HS 12
TOP OF THE 8TH
Bishop Gorman HS Balbasaurs batting - Pitching for Rocky Point HS Eagles : RHP Mark Thompson
Now at SS: Liam Simons
Batting: LHB Guillermo Peña 0-0: Called Strike
0-1: Ball
1-1: Swinging Strike
1-2: Foul Ball, location: 2F
1-2: Ball
2-2: Fly out, F6 (Popup, P)
Batting: RHB José Díaz 0-0: Called Strike
0-1: Ball
1-1: Ball
2-1: Foul Ball, location: 2F
2-2: Ball
3-2: SINGLE (Groundball, 6D)
Batting: LHB Daniel Smith 0-0: Ball
1-0: Ball
2-0: Ball
3-0: Called Strike
3-1: Fielders Choice at 2nd, 3-6 (Groundball, 3)
Batting: SHB Cisco Moreno 0-0: Called Strike
0-1: Ball
1-1: Foul Ball, location: 2F
1-2: Ball
Wild Pitch!
Daniel Smith to second
2-2: Ball
3-2: Strikes out swinging
Top of the 8th over - 0 runs, 1 hit, 0 errors, 1 left on base; Bishop Gorman HS 2 - Rocky Point HS 12
BOTTOM OF THE 8TH
Rocky Point HS Eagles batting - Pitching for Bishop Gorman HS Balbasaurs : RHP Mike Peters
Batting: RHB Yan Gosselin 0-0: Called Strike
0-1: Ball
1-1: Ball
2-1: Ball
3-1: Base on Balls
Batting: LHB Stanton Moore 0-0: Ball
1-0: Fielders Choice at 2nd, 1-6 (Groundball, P)
Batting: RHB Sam McWalter 0-0: Called Strike
0-1: Foul Ball, location: 2F
0-2: Ball
1-2: Foul Ball, location: 2F
1-2: Strikes out swinging
Batting: RHB Bud Manning 0-0: Foul Ball, location: 2F
0-1: Fly out, F8 (Flyball, 8LD)
Bottom of the 8th over - 0 runs, 0 hits, 0 errors, 1 left on base; Bishop Gorman HS 2 - Rocky Point HS 12
TOP OF THE 9TH
Bishop Gorman HS Balbasaurs batting - Pitching for Rocky Point HS Eagles : RHP Mark Thompson
Now at C: Dave Burkholder
Batting: RHB Jimmy Martin 0-0: Foul Ball, location: 2F
0-1: Ball
1-1: Called Strike
1-2: Ground out 5-3 (Groundball, 56S)
Pitching: RHP Phil Scott
Batting: RHB Chris Cox 0-0: Ball
1-0: Ball
2-0: Ball
3-0: Called Strike
3-1: Base on Balls
Batting: LHB Michel Gélinas 0-0: Foul Ball, location: 2F
0-1: Ball
1-1: Ball
2-1: Swinging Strike
2-2: Ball
3-2: Strikes out looking
Batting: RHB Lynwood Bryant 0-0: Foul Ball, location: 2F
0-1: Fly out, F8 (Flyball, 8LD)
Top of the 9th over - 0 runs, 0 hits, 0 errors, 1 left on base; Bishop Gorman HS 2 - Rocky Point HS 12
Saturday, December 16th, 2017 - OOTP Baseball 18.8 Build 76